Cogmind - Beta 17 @@@ ROGUE MODE // 2026.08.08 @ 18:10:05 Player: OBLIQUE Result: Destroyed by as-24533 with Assembled Gauss Rifle Performance ------------- Evolutions (3) 1500 Regions Visited (10) 2000 Robots Destroyed (94) 470 Value Destroyed (3500) 3500 Prototype IDs (12) 240 Alien Tech Used (1) 200 Bonus (2156) 2156 TOTAL SCORE: 10066 Bonus ------- High Alert Combat Kills 76 Follower Combat Kills 146 Destroyed Z-Imprinter 1000 Triggered Deep Caves Wall 500 Exposed GOLEM Chamber 500 Friendly Fire -66 Cogmind --------- Core Integrity 0/700 Matter 165/300 Energy 45/100 System Corruption 4% Temperature Cool (0) Movement Core (50) Location -7/Deep Caves Parts ------- > --- POWER (1) -------- (None) > --- PROPULSION (5) --- (None) > --- UTILITY (5) ------ (None) > --- WEAPON (3) ------- (None) > --- INVENTORY (5) ---- Zionite Light DM Reactor Thermal Generator Makeshift Heat Sink High-capacity Storage Unit CR-A16's Pointy Stick Peak State ------------ > --- POWER ------------ Zionite Light DM Reactor > --- PROPULSION ------- Improved Carbon-fiber Leg Improved Carbon-fiber Leg Improved Carbon-fiber Leg Zionite Composite Leg I Zionite Composite Leg I > --- UTILITY ---------- High-capacity Storage Unit Zionite Biocell Armor Integrity Analyzer Zionite Heavy Carapace > --- WEAPON ----------- Zionite Phaser-S KE Penetrator RU-N14's Throwing Claymores > --- INVENTORY -------- Zionite Light DM Reactor Improved Carbon-fiber Leg Improved Carbon-fiber Leg Thermal Generator Improved Heat Sink Makeshift Heat Sink Experimental Heat Sink High-capacity Storage Unit Improved Sensor Array Core Analyzer Particle Charger Zionite Weapon Casing Improved Light Armor Plating Improved Hardlight Generator Hacking Drone Bay Plasma Cannon Phase Cannon Gauss Cannon RU-N14's Throwing Claymores CR-A16's Pointy Stick [Rating: 84] Favorites ----------- Power Neutrino Core Engine Light Angular Momentum Engine Power Core Neutrino Core Reactor Zionite Light DM Reactor Propulsion Improved Carbon-fiber Leg Treads Light Treads Leg Improved Carbon-fiber Leg Utility High-capacity Storage Unit Device Advanced Heat Sink Storage High-capacity Storage Unit Processor Armor Integrity Analyzer Hackware Hacking Suite Protection Light Armor Plating Weapon Gatling Laser Energy Gun Gatling Laser Energy Cannon Beam Cannon Ballistic Gun Assault Rifle Ballistic Cannon Gauss Cannon Launcher Mini Grenade Launcher Special Weapon RU-N14's Throwing Claymores Slashing Weapon Ripper Build | -11 -10 -10 -10 -9 -8 -7 -7 -7 -7 -7 ------- Run | Yrd Mat Min Exi Min Mat Fac Low Low Zio Dee Slots Evolved 6 | . . . . . 4 2 . . . . Power . | . . . . . . . . . . . Propulsion 2 | . . . . . 1 1 . . . . Utility 3 | . . . . . 2 1 . . . . Weapon 1 | . . . . . 1 . . . . . Parts Attached 89 | 6 4 5 . . 25 13 6 6 7 17 Power 7 | 1 . . . . 2 . 1 1 1 1 Engine 5 | 1 . . . . 2 . . 1 1 . Core 1 | . . . . . . . 1 . . . Reactor 1 | . . . . . . . . . . 1 Propulsion 28 | 2 1 3 . . 7 9 . 2 2 2 Treads 11 | 2 1 1 . . 3 4 . . . . Leg 17 | . . 2 . . 4 5 . 2 2 2 Wheel . | . . . . . . . . . . . Hover . | . . . . . . . . . . . Flight . | . . . . . . . . . . . Utility 27 | 1 2 1 . . 10 3 1 1 1 7 Device 10 | . . 1 . . 4 2 1 1 . 1 Storage 4 | 1 . . . . 2 . . . . 1 Processor 1 | . . . . . . 1 . . . . Hackware 2 | . . . . . 2 . . . . . Protection 10 | . 2 . . . 2 . . . 1 5 Artifact . | . . . . . . . . . . . Weapon 27 | 2 1 1 . . 6 1 4 2 3 7 Energy Gun 12 | . . 1 . . 4 1 2 2 . 2 Energy Cannon 2 | . 1 . . . . . . . . 1 Ballistic Gun 5 | 2 . . . . . . 1 . . 2 Ballistic Cannon 1 | . . . . . . . . . . 1 Launcher 2 | . . . . . 2 . . . . . Special Weapon 4 | . . . . . . . . . 3 1 Impact Weapon . | . . . . . . . . . . . Slashing Weapon 1 | . . . . . . . 1 . . . Piercing Weapon . | . . . . . . . . . . . Special Melee Weapon . | . . . . . . . . . . . Unidentified Prototypes 11 | . . . . . . . . . 1 10 Parts Lost 33 | . 1 3 . . 12 . 2 2 . 13 Power 2 | . . . . . 1 . . . . 1 Propulsion 12 | . 1 1 . . 4 . . 1 . 5 Utility 10 | . . 1 . . 4 . . . . 5 Weapon 9 | . . 1 . . 3 . 2 1 . 2 Highest Loss Streak 13 | . 1 3 . . 4 . 1 1 . 13 To Critical Strikes . | . . . . . . . . . . . Average Backups 16 | 1 7 7 8 8 13 19 19 19 19 19 Power 1 | . . . . . . 2 2 1 . 1 Propulsion 3 | . 1 . 1 1 1 4 5 4 2 2 Utility 6 | . 2 2 3 3 4 5 6 6 9 10 Weapon 5 | . 3 3 4 4 7 8 5 5 5 5 Tool/Special . | . . . . . . . . . . . Unused Backups 38 | . 3 . . 1 4 4 7 3 4 12 Power 6 | . 1 . . . . 1 2 . . 2 Propulsion 2 | . . . . . . . . . . 2 Utility 14 | . 1 . . . 2 . 1 1 3 6 Weapon 16 | . 1 . . 1 2 3 4 2 1 2 Tool/Special . | . . . . . . . . . . . Average Slot Usage (%) 98 | . 99 99 100 100 93 99 99 99 98 94 Engine 5 | . 14 14 14 14 6 6 1 . 7 3 Core 2 | . . . . . . . 5 6 . . Treads 5 | . 28 11 . . 14 8 . . . . Leg 24 | . . 16 28 28 11 21 30 29 30 32 Device 17 | . . 9 14 14 13 23 23 23 21 10 Storage 8 | . 14 14 14 14 14 7 7 7 7 7 Processor 5 | . . . . . . 6 7 7 7 7 Protection 2 | . 13 4 . . 4 . . . . 7 Energy Gun 17 | . . 9 14 14 17 23 22 22 18 6 Energy Cannon 2 | . 6 14 14 14 5 . . . . 2 Ballistic Gun 2 | . 21 4 . . . . . . . 5 Peak Build Rating 84 | 6 7 10 10 11 44 55 59 62 67 84 Average Rating 46 | 4 6 9 10 10 25 52 56 59 60 71 On Entrance 29 | . 6 7 10 10 11 44 55 59 60 66 Avg Prop Armor Cover (%) 10 | . . . . . 9 . . 5 . 26 Naked Turns . | . . . . . . . . . . . Heaviest Build 79 | 14 18 18 17 17 70 70 76 77 79 79 Greatest Support 102 | 40 40 40 20 20 62 92 72 74 74 102 Greatest Overweight (x) 3 | . . 1 . . 3 1 1 1 1 1 Average Overweight (x) . | . . . . . . . . . . . Largest Inventory Capacity 20 | 8 8 8 8 8 20 20 20 20 20 20 Average Capacity 17 | 6 8 8 8 8 17 20 20 20 20 19 Most Carried 20 | 2 8 8 8 8 20 20 20 20 20 20 Average Carried 16 | 1 7 7 8 8 13 19 19 19 19 19 Final Capacity 20 | 8 8 8 8 8 20 20 20 20 20 5 Final Carried 20 | 2 8 8 8 8 20 20 20 20 19 5 Class Distribution -------------------- 47% | Gunner 28% | Scavenger-Gunner 11% | Mutant 7% | Scavenger-Mutant 4% | Scavenger-Tank Dominant Class ---------------- Mutant | -10/Materials Scavenger-Mutant | -10/Mines Scavenger-Mutant | -10/Exiles Scavenger-Mutant | -9/Mines Scavenger-Tank | -8/Materials Scavenger-Gunner | -7/Factory Gunner | -7/Lower Caves Scavenger-Gunner | -7/Lower Caves Gunner | -7/Zion Gunner | -7/Deep Caves Resources | -11 -10 -10 -10 -9 -8 -7 -7 -7 -7 -7 ----------- Run | Yrd Mat Min Exi Min Mat Fac Low Low Zio Dee Matter Collected 1505 | 193 328 111 . . 337 130 86 90 30 200 Remotely . | . . . . . . . . . . . Salvage Created 3674 | . 341 210 . . 1222 697 829 169 . 206 Parts 162 | . 15 16 . . 67 27 25 5 . 7 Haulers Intercepted 2 | . 1 . . . 1 . . . . . Recyclers Shooed . | . . . . . . . . . . . Parts Field Recycled . | . . . . . . . . . . . Retrieved Matter . | . . . . . . . . . . . Parts Self-Destructed 36 | . . . . . . . 30 6 . . Prevented . | . . . . . . . . . . . Parts Restored . | . . . . . . . . . . . Kills | -11 -10 -10 -10 -9 -8 -7 -7 -7 -7 -7 ------- Run | Yrd Mat Min Exi Min Mat Fac Low Low Zio Dee Combat Hostiles Destroyed 78 | . 5 7 . . 21 11 21 3 . 10 Guns 54 | . 5 4 . . 10 9 21 2 . 3 Cannons 8 | . . 3 . . 2 . . . . 3 AOE 13 | . . . . . 9 . . . . 4 Classes Destroyed 16 | . 4 1 . . 6 2 . 1 . 2 Worker 4 | . 2 . . . 2 . . . . . Builder 4 | . . . . . 3 1 . . . . Hauler 2 | . 1 . . . 1 . . . . . Recycler 4 | . . . . . 2 2 . . . . Mechanic 2 | . . . . . 1 1 . . . . Watcher 5 | . 1 . . . 3 1 . . . . Swarmer 8 | . . 3 . . . . 5 . . . Grunt 40 | . 5 4 . . 16 6 9 . . . Duelist 3 | . . . . . 1 1 1 . . . Sentry 6 | . . . . . 3 1 1 1 . . Specialist 1 | . . . . . 1 . . . . . Hunter 1 | . . . . . . 1 . . . . Programmer 3 | . . . . . . 2 . 1 . . Z-Light 4 | . . . . . . . . . . 4 Assembled 5 | . . . . . . . . . . 5 Thug 3 | . . . . . . . 3 . . . Butcher 2 | . . . . . . . 2 . . . Mutant 1 | . . . . . . . . 1 . . Best Kill Streak 12 | . 3 3 . . 12 6 6 1 . 4 Combat Bots Only 6 | . 2 3 . . 6 4 6 1 . 4 Max Kills in Single Turn 5 | . 1 1 . . 5 2 2 1 . 3 Gunslinging 1 | . . . . . . . 1 . . . Exploded 2 | . . . . . 2 . . . . 2 Melee . | . . . . . . . . . . . Uniques/NPCs Destroyed 1 | . . . . . . . . . . 1 Z-Imprinter (-7/Deep Caves) Combat | -11 -10 -10 -10 -9 -8 -7 -7 -7 -7 -7 -------- Run | Yrd Mat Min Exi Min Mat Fac Low Low Zio Dee Hostile Shots Fired 466 | . 54 39 . . 120 30 33 65 . 125 Missed 123 | . 12 8 . . 21 9 8 26 . 39 Hits 343 | . 42 31 . . 99 21 25 39 . 86 Melee 9 | . . . . . . 1 1 . . 7 Projectile 334 | . 42 31 . . 99 20 24 39 . 79 Critical Strikes 11 | . 1 . . . 5 1 . 1 . 3 Part Disruptions 2 | . . . . . . . . 2 . . Damage Taken 6294 | . 626 372 . . 1749 274 499 385 . 2389 Core 1252 | . 159 49 . . 324 14 43 20 . 643 Absorbed by Shields . | . . . . . . . . . . . Redirected to Shielding 376 | . 31 . . . 10 . . . . 335 Ignored by Resistances 68 | . . . . . 68 . . . . . Regen/Repaired (Parts) 43 | . . . . . . 43 . . . . Core Remaining (%) 52 | 100 . . . 16 41 . . . . . Volleys Fired 187 | . 49 22 . . 40 16 32 11 . 17 Largest 3 | . 2 2 . . 3 3 3 3 . 3 Hottest 240 | . 80 125 . . 240 240 240 235 . 205 Shots Fired 470 | . 98 44 . . 112 48 91 31 . 46 Gun 375 | . 83 22 . . 75 48 91 31 . 25 Cannon 60 | . 15 22 . . 16 . . . . 7 Launcher 21 | . . . . . 21 . . . . . Special 14 | . . . . . . . . . . 14 Kinetic 106 | . 83 13 . . . . 2 . . 8 Thermal 318 | . 15 31 . . 91 48 89 31 . 13 Explosive 35 | . . . . . 21 . . . . 14 Electromagnetic . | . . . . . . . . . . . Phasic 11 | . . . . . . . . . . 11 Robot Hit Streak 37 | . 7 7 . . 17 22 37 18 . 6 Robot Miss Streak 4 | . 3 2 . . 4 3 2 3 . 3 Penetration Max . | . . . . . . . . . . . Secondary Targets 5 | . 1 . . . 1 1 2 . . . Max Gunslinging Chain 1 | . 1 . . . 1 1 1 . . . Shots Hit Robots 336 | . 68 26 . . 75 41 78 21 . 27 Core Hits 242 | . 18 12 . . 72 41 70 7 . 22 Critical Kills . | . . . . . . . . . . . Critical Parts Destroyed . | . . . . . . . . . . . Critical Strikes 10 | . . 3 . . 2 . . 2 . 3 Burn 7 | . . 3 . . 2 . . 2 . . Sever 1 | . . . . . . . . . . 1 Intensify 2 | . . . . . . . . . . 2 Melee Attacks 1 | . . . . . . . 1 . . . Impact . | . . . . . . . . . . . Slashing 1 | . . . . . . . 1 . . . Piercing . | . . . . . . . . . . . Sneak Attacks . | . . . . . . . . . . . Combat Hostiles . | . . . . . . . . . . . Follow-up Attacks . | . . . . . . . . . . . Damage Inflicted 10894 | . 953 426 . . 2867 1281 2028 500 . 2839 Guns 6089 | . 763 208 . . 957 1204 2028 500 . 429 Cannons 601 | . 160 199 . . 159 . . . . 83 Explosions 3597 | . . . . . 1742 . . . . 1855 Melee . | . . . . . . . . . . . Ramming 135 | . 30 19 . . 9 77 . . . . Kinetic 965 | . 763 102 . . . . . . . 100 Thermal 5534 | . 160 305 . . 1189 1204 2028 500 . 148 Explosive 3396 | . . . . . 1541 . . . . 1855 Electromagnetic 128 | . . . . . 128 . . . . . Impact . | . . . . . . . . . . . Slashing 472 | . . . . . . . . . . 472 Piercing . | . . . . . . . . . . . Phasic 264 | . . . . . . . . . . 264 Highest Corruption 4 | . . . . . 1 . . 1 . 4 Average Corruption 1 | . . . . . 1 . . 1 . 4 Corruption Purged 1 | . . . . . . . . 1 . . Corruption Blocked . | . . . . . . . . . . . Effects 3 | . . . . . 3 . . . . . Message Errors 1 | . . . . . 1 . . . . . Matter Fused 1 | . . . . . 1 . . . . . Weapon Failures 1 | . . . . . 1 . . . . . Overload Shots . | . . . . . . . . . . . Overflow Damage 177 | . . 7 . . 15 . . . . 155 Projectiles 49 | . . 7 . . . . . . . 42 Explosions 128 | . . . . . 15 . . . . 113 Melee . | . . . . . . . . . . . Knockbacks . | . . . . . . . . . . . Impact . | . . . . . . . . . . . Kinetic . | . . . . . . . . . . . Secondary . | . . . . . . . . . . . Self-Inflicted Damage 161 | . . . . . 161 . . . . . Shots 6 | . . . . . 6 . . . . . Rammed 13 | . 5 7 . . 1 . . . . . Targets Rammed 20 | . 5 8 . . 3 4 . . . . Kicked 7 | . . 1 . . 2 4 . . . . Crushed . | . . . . . . . . . . . Highest Temperature 384 | . 189 248 . . 384 183 294 288 . 344 Average Temperature 107 | . 71 102 . . 136 64 75 129 . 189 Received Heat Transfer 1988 | . 354 165 . . 828 90 117 87 . 347 Effects 6 | . . 2 . . 2 . 1 . . 1 Energy Bleed 2 | . . . . . 1 . . . . 1 Interference 3 | . . 2 . . . . 1 . . . Short Circuit 1 | . . . . . 1 . . . . . Siege Activations . | . . . . . . . . . . . Martial Activations . | . . . . . . . . . . . Shielding Activations . | . . . . . . . . . . . Robots Disrupted . | . . . . . . . . . . . Combat Hostiles . | . . . . . . . . . . . Robots Corrupted . | . . . . . . . . . . . Combat Hostiles . | . . . . . . . . . . . Parts Fried . | . . . . . . . . . . . Impact Corruptions . | . . . . . . . . . . . Robots Melted 3 | . . . . . . 2 . 1 . . Combat Hostiles 3 | . . . . . . 2 . 1 . . Parts Melted 36 | . . 1 . . 4 11 13 7 . . Heat Transferred 12357 | . 333 888 . . 2864 2550 4434 1066 . 222 Parts Sabotaged . | . . . . . . . . . . . Parts Stolen . | . . . . . . . . . . . Parts Stripped . | . . . . . . . . . . . Power Chain Reactions 2 | . . . . . 2 . . . . . Alert | -11 -10 -10 -10 -9 -8 -7 -7 -7 -7 -7 ------- Run | Yrd Mat Min Exi Min Mat Fac Low Low Zio Dee Maximum Alert Level 2 | . . . . . 2 2 . . . . Low Security (%) 78 | 100 100 100 . 100 61 58 . . . . Level 1 14 | . . . . . 30 22 . . . . Level 2 6 | . . . . . 7 18 . . . . Level 3 . | . . . . . . . . . . . Level 4 . | . . . . . . . . . . . Level 5 . | . . . . . . . . . . . High Security . | . . . . . . . . . . . Max Security . | . . . . . . . . . . . Peak Influence 430 | . 56 95 . . 418 430 . . . . Initial 184 | . . 5 . . . 184 . . . . Average 108 | . 9 40 . . 155 225 . . . . Influence Increases 2184 | . 208 185 . . 836 540 350 65 . . Destroy 0b10 Robot/C 1260 | . 100 140 . . 440 220 320 40 . . Destroy 0b10 Robot/NC 105 | . 20 . . . 60 25 . . . . Destroy Leader 254 | . 34 30 . . 98 52 30 10 . . Allied During Kill 21 | . . . . . 21 . . . . . Trap Triggered on 0b10 10 | . . . . . 10 . . . . . Successful Hack 81 | . 23 . . . 15 43 . . . . Disable Machine 75 | . 15 . . . 60 . . . . . Anti-Garrison Action 200 | . . . . . . 200 . . . . Destroy Structure 88 | . 1 . . . 87 . . . . . Lose Combat Pursuer 90 | . 15 15 . . 45 . . 15 . . Influence Decreases 2184 | . 193 185 15 . 430 540 756 65 . . Entered New Map 398 | . . 10 15 . . 222 151 . . . Time Decay 1596 | . 183 145 . . 310 318 585 55 . . Lost Part 190 | . 10 30 . . 120 . 20 10 . . Squads Dispatched 8 | . 2 . . . 3 3 . . . . Investigation 2 | . 1 . . . . 1 . . . . Extermination 2 | . . . . . . 2 . . . . Reinforcement 4 | . 1 . . . 3 . . . . . Assault . | . . . . . . . . . . . Garrison . | . . . . . . . . . . . Intercept . | . . . . . . . . . . . Searches Triggered . | . . . . . . . . . . . Construction Impeded 1 | . . . . . 1 . . . . . Haulers Reinforced . | . . . . . . . . . . . Active Scanning Responses . | . . . . . . . . . . . Cargo Convoy Interrupts . | . . . . . . . . . . . Stealth | -11 -10 -10 -10 -9 -8 -7 -7 -7 -7 -7 --------- Run | Yrd Mat Min Exi Min Mat Fac Low Low Zio Dee Distress Signals 8 | . 2 1 . . 2 3 . . . . Communications Jammed . | . . . . . . . . . . . Distress Signals . | . . . . . . . . . . . Times Spotted 173 | . 19 8 . . 32 14 26 8 . 66 Peak Tracking Total 50 | . 6 3 . . 7 4 7 3 . 50 Tactical Retreats 7 | . 1 1 . . 3 . 1 1 . . Traps | -11 -10 -10 -10 -9 -8 -7 -7 -7 -7 -7 ------- Run | Yrd Mat Min Exi Min Mat Fac Low Low Zio Dee Traps Triggered 3 | . 2 . . . 1 . . . . . Indirectly 1 | . . . . . 1 . . . . . Trap Hack Attempts . | . . . . . . . . . . . Triggered . | . . . . . . . . . . . Disarmed . | . . . . . . . . . . . Reprogrammed 1 | . . . . . 1 . . . . . Reused 1 | . . . . . 1 . . . . . Traps Extracted . | . . . . . . . . . . . Installed . | . . . . . . . . . . . Triggered 1 | . . . . . 1 . . . . . Machines | -11 -10 -10 -10 -9 -8 -7 -7 -7 -7 -7 ---------- Run | Yrd Mat Min Exi Min Mat Fac Low Low Zio Dee Machines Disabled 9 | . 1 . . . 4 . . 1 . 3 Max in Single Turn 2 | . 1 . . . 2 . . 1 . 1 Garrison Access 1 | . . . . . . 1 . . . . Machines Repaired . | . . . . . . . . . . . Machines Dismantled . | . . . . . . . . . . . Machines Sabotaged . | . . . . . . . . . . . Overloaded Fab Kills . | . . . . . . . . . . . Hacking | -11 -10 -10 -10 -9 -8 -7 -7 -7 -7 -7 --------- Run | Yrd Mat Min Exi Min Mat Fac Low Low Zio Dee Machines Accessed 19 | . 5 . 1 . 4 7 2 . . . Terminals 12 | . 5 . . . 3 3 1 . . . Fabricators 1 | . . . . . . 1 . . . . Repair Stations 1 | . . . . . . 1 . . . . Recycling Units 1 | . . . . . 1 . . . . . Scanalyzers 1 | . . . . . . 1 . . . . Garrison Access 1 | . . . . . . 1 . . . . Total Hacks 65 | . 16 . 1 . 17 25 6 . . . Successful 39 | . 7 . 1 . 10 15 6 . . . Failed 26 | . 9 . . . 7 10 . . . . Catastrophic 3 | . . . . . 1 2 . . . . Database Lockouts . | . . . . . . . . . . . Manual 37 | . 13 . . . 9 10 . . 5 . Terminals 48 | . 16 . . . 13 14 5 . . . Fabricators 5 | . . . . . . 5 . . . . Repair Stations 3 | . . . . . . 3 . . . . Recycling Units 4 | . . . . . 4 . . . . . Scanalyzers 2 | . . . . . . 2 . . . . Garrison Access 1 | . . . . . . 1 . . . . Terminal Hacks 22 | . 5 . 1 . 5 5 6 . . . Record 6 | . . . 1 . . . 5 . . . Robot Analysis 5 | . 2 . . . 3 . . . . . Prototype ID Bank 1 | . 1 . . . . . . . . . Open Door 1 | . . . . . . . 1 . . . Branch Access Points 1 | . . . . . . 1 . . . . Terminal Index 2 | . 1 . . . 1 . . . . . Alert Level 1 | . . . . . . 1 . . . . Locate Traps 1 | . . . . . . 1 . . . . Reprogram Traps 1 | . . . . . 1 . . . . . Hauler Manifests 1 | . . . . . . 1 . . . . Zone Layout 2 | . 1 . . . . 1 . . . . Fabricator Hacks 1 | . . . . . . 1 . . . . Network Status 1 | . . . . . . 1 . . . . Repair Station Hacks 2 | . . . . . . 2 . . . . Scan Component 1 | . . . . . . 1 . . . . Repair 1 | . . . . . . 1 . . . . Recycling Unit Hacks 3 | . . . . . 3 . . . . . Process 1 | . . . . . 1 . . . . . Retrieve Matter 2 | . . . . . 2 . . . . . Scanalyzer 1 | . . . . . . 1 . . . . Retrieve Study 1 | . . . . . . 1 . . . . Garrison Access Hacks . | . . . . . . . . . . . Unauthorized Hacks 10 | . 2 . . . 2 6 . . . . Terminals 7 | . 2 . . . 2 3 . . . . Track 1 | . . . . . . 1 . . . . Botnet 6 | . 2 . . . 2 2 . . . . Fabricators 2 | . . . . . . 2 . . . . Report 1 | . . . . . . 1 . . . . Liberate 1 | . . . . . . 1 . . . . Repair Stations . | . . . . . . . . . . . Recycling Units . | . . . . . . . . . . . Scanalyzers . | . . . . . . . . . . . Garrison Access 1 | . . . . . . 1 . . . . Jam 1 | . . . . . . 1 . . . . Data Cores Recovered . | . . . . . . . . . . . Used . | . . . . . . . . . . . Hacking Detections 14 | . 5 . . . 3 6 . . . . Full Trace Events . | . . . . . . . . . . . Feedback Events . | . . . . . . . . . . . Feedback Blocked . | . . . . . . . . . . . Robot Schematics Acquired . | . . . . . . . . . . . Robots Built . | . . . . . . . . . . . Authchips . | . . . . . . . . . . . Time . | . . . . . . . . . . . Total Robot Build Rating . | . . . . . . . . . . . Part Schematics Acquired . | . . . . . . . . . . . Parts Built . | . . . . . . . . . . . Authchips . | . . . . . . . . . . . Time . | . . . . . . . . . . . Total Part Build Rating . | . . . . . . . . . . . Part Studies Acquired 1 | . . . . . . 1 . . . . Parts Repaired 1 | . . . . . . 1 . . . . Time 25 | . . . . . . 25 . . . . Parts Recycled . | . . . . . . . . . . . Recycled Matter 93 | . . . . . 93 . . . . . Retrieved Matter 93 | . . . . . 93 . . . . . Retrieved Components . | . . . . . . . . . . . Parts Scanalyzed . | . . . . . . . . . . . Part Schematics Acquired . | . . . . . . . . . . . Parts Damaged . | . . . . . . . . . . . Bothacking | -11 -10 -10 -10 -9 -8 -7 -7 -7 -7 -7 ------------ Run | Yrd Mat Min Exi Min Mat Fac Low Low Zio Dee Used RIF Installer . | . . . . . . . . . . . Robots Hacked . | . . . . . . . . . . . Non-combat . | . . . . . . . . . . . Combat . | . . . . . . . . . . . Robot Hacks Applied . | . . . . . . . . . . . Relay Couplers Released . | . . . . . . . . . . . Fabnet Peak Effective % . | . . . . . . . . . . . Robots Rewired 2 | . . . . . . . 2 . . . Allies Hacked . | . . . . . . . . . . . Hacks Repelled . | . . . . . . . . . . . Allies | -11 -10 -10 -10 -9 -8 -7 -7 -7 -7 -7 -------- Run | Yrd Mat Min Exi Min Mat Fac Low Low Zio Dee Total Allies 7 | . . . . 3 . . 2 . 2 . Largest Group 3 | . . . . 3 3 . 2 2 2 2 Highest-Rated Group 192 | . . . . 40 40 . 62 62 192 192 Highest-Rated Ally 96 | . . . . 16 16 . 31 31 96 96 Total Orders . | . . . . . . . . . . . Ally Attacks 100 | . . . . . 21 . 12 5 . 62 Total Damage 2165 | . . . . . 207 . 165 85 . 1708 Kills 12 | . . . . . 1 . 1 . . 10 Allies Corrupted . | . . . . . . . . . . . Allies Melted . | . . . . . . . . . . . Intel | -11 -10 -10 -10 -9 -8 -7 -7 -7 -7 -7 ------- Run | Yrd Mat Min Exi Min Mat Fac Low Low Zio Dee Active Infowar (turns) 4855 | . . . . . . . 1501 1632 1079 643 Sensors 4855 | . . . . . . . 1501 1632 1079 643 Robot Analysis Total 5 | . 2 . . . 3 . . . . . Derelict Logs Recovered 5 | . . . . 1 . . 3 . 1 . Drone Launches . | . . . . . . . . . . . Drone Recoveries . | . . . . . . . . . . . Exploration | -11 -10 -10 -10 -9 -8 -7 -7 -7 -7 -7 ------------- Run | Yrd Mat Min Exi Min Mat Fac Low Low Zio Dee Turns Passed 9762 | 67 896 337 397 48 911 708 2889 1632 1079 798 Spaces Moved 5654 | 40 413 189 331 33 425 414 1544 916 808 541 Core 15 | 6 . . . . . . . . . 9 Treads 831 | 34 413 40 . . 223 121 . . . . Legs 4808 | . . 149 331 33 202 293 1544 916 808 532 Wheels . | . . . . . . . . . . . Hover . | . . . . . . . . . . . Flight . | . . . . . . . . . . . Fastest Speed 50 | 50 160 120 120 120 120 120 120 120 122 50 Average Speed 150 | 143 160 128 120 120 160 131 172 166 129 124 Slowest Speed 330 | 160 160 190 120 120 330 190 190 190 192 192 Overloaded Moves . | . . . . . . . . . . . Propulsion Burnouts . | . . . . . . . . . . . Robots Hopped . | . . . . . . . . . . . Potential Cave-ins . | . . . . . . . . . . . Cave-ins Triggered . | . . . . . . . . . . . Exploration Rate (%) 55 | 3 65 45 76 13 42 15 98 91 84 79 Regions Visited 10 Branch Regions 7 Pre-discovered Areas 2 | . . . . 1 . . . . 1 . Known Exits Taken 2 | . . . . . . 1 . . 1 . Unknown Exits Taken 8 | 1 1 1 1 1 1 . 1 1 . . Scrap Searched 14 | . . . . . . . 3 6 5 . Spaces Dug 1 | . . . . . . . 1 . . . Terrain Destroyed 171 | . . . . . 115 . 1 . . 55 Melee 1 | . . . . . . . 1 . . . Projectile 3 | . . . . . . . . . . 3 AOE 167 | . . . . . 115 . . . . 52 Terrain Rammed . | . . . . . . . . . . . Walls Destroyed . | . . . . . . . . . . . Machines Disabled . | . . . . . . . . . . . Actions | -11 -10 -10 -10 -9 -8 -7 -7 -7 -7 -7 --------- Run | Yrd Mat Min Exi Min Mat Fac Low Low Zio Dee Total 6467 | 47 548 238 330 43 560 538 1696 997 843 627 Wait 279 | . 59 6 . 9 27 57 45 50 11 15 Move 5644 | 39 412 188 330 32 424 413 1543 915 807 541 Hop . | . . . . . . . . . . . Pick Up 96 | 2 11 5 . 1 29 17 13 6 7 5 Fast Attach 38 | 6 4 2 . . 9 1 . 2 3 11 Attach 32 | . 1 3 . . 11 2 3 3 2 7 Detach 6 | . 1 . . . 1 . . . 1 3 Swap 43 | . 1 . . . 7 11 5 3 2 14 Drop 80 | . 5 4 . 1 9 17 13 7 10 14 Fire 187 | . 49 22 . . 40 16 32 11 . 17 Melee 1 | . . . . . . . 1 . . . Ram . | . . . . . . . . . . . Kick 7 | . . 1 . . 2 4 . . . . Crush 13 | . 5 7 . . 1 . . . . . Escape Stasis . | . . . . . . . . . . . Rewire 41 | . . . . . . . 41 . . . Trap . | . . . . . . . . . . . Miscellaneous . | . . . . . . . . . . . Route ------- -11/Scrapyard -10/Materials (discovered 2 exits: [*Mat] / [*Min]) -10/Mines -10/Exiles -9/Mines -8/Materials -7/Factory (discovered 2 exits: *Low x2) -7/Lower Caves -7/Lower Caves (discovered 2 exits: [*Fac] / *Zio) -7/Zion (discovered 2 exits: *Dee / *Pro) -7/Deep Caves History --------- Turn | Location | Event 4 | -11/Scrapyard | Discovered new exit (range 14) 68 | -11/Scrapyard | Entered Materials 308 | -10/Materials | Build established: Mutant 442 | -10/Materials | Discovered new exit (range 11) 741 | -10/Materials | Core integrity fell below 50% 887 | -10/Materials | Discovered new exit (range 16) 964 | -10/Materials | Entered Mines 1101 | -10/Mines | Lost 3 parts (1n1u1w) 1122 | -10/Mines | Core integrity fell below 20% 1296 | -10/Mines | Deemed a non-threat by the Exiles lab entrance 1296 | -10/Mines | Discovered new exit (range 5) 1301 | -10/Mines | Entered Exiles 1301 | -10/Exiles | Found Exiles lab abandoned 1365 | -10/Exiles | Build established: Scavenger-Mutant 1687 | -10/Exiles | Discovered new exit (range 10) 1698 | -10/Exiles | Entered Mines 1705 | -9/Mines | Received a Rocket Launcher from a helpful Derelict 1712 | -9/Mines | Assisted by bots powering up and referring to "LRC-V3" 1727 | -9/Mines | Learned location of Zion (-7) 1735 | -9/Mines | Discovered new exit (range 5) 1746 | -9/Mines | Entered Materials 1746 | -8/Materials | Accompanied by 3 allies 1746 | -8/Materials | Evolved 4 slots: Propulsion x1, Utility x2, Weapon x1 2104 | -8/Materials | Build established: Scavenger-Tank 2274 | -8/Materials | Lost 3 allies 2335 | -8/Materials | Lost 4 parts (1p1u2w) 2443 | -8/Materials | Core integrity fell below 50% 2477 | -8/Materials | Lost 3 parts (2u1w) 2561 | -8/Materials | Lost 3 parts (2n1u) 2621 | -8/Materials | Discovered new exit (range 15) 2657 | -8/Materials | Entered Factory 2657 | -7/Factory | Evolved 2 slots: Propulsion x1, Utility x1 2834 | -7/Factory | Identified exit to Lower Caves 2948 | -7/Factory | Repaired Lgt. Angular Momentum Engine 2969 | -7/Factory | Build established: Gunner 3341 | -7/Factory | Build established: Scavenger-Gunner 3365 | -7/Factory | Entered Lower Caves 3487 | -7/Lower Caves | Attracted the attention of an 0b10 base 3537 | -7/Lower Caves | Learned Research emergency access door positions 3537 | -7/Lower Caves | Learned Extension terminal intel 3554 | -7/Lower Caves | Encountered a Warlord checkpoint 3589 | -7/Lower Caves | Learned Factory emergency access door positions 4539 | -7/Lower Caves | Attacked by a faux Warlord 4700 | -7/Lower Caves | Learned Factory terminal intel 5043 | -7/Lower Caves | Build established: Gunner 5102 | -7/Lower Caves | Found Alien Artifact 5180 | -7/Lower Caves | Ambushed by wild Derelicts 6150 | -7/Lower Caves | Discovered new exit (range 15) 6254 | -7/Lower Caves | Entered another Lower Caves area 6254 | -7/Lower Caves | Accompanied by 2 allies 6395 | -7/Lower Caves | Discovered new exit (range 11) 6524 | -7/Lower Caves | Encountered a Warlord checkpoint 6828 | -7/Lower Caves | Attacked by a delusional Derelict stockpiling parts 7119 | -7/Lower Caves | Build established: Scavenger-Gunner 7119 | -7/Lower Caves | Spotted B-75 Beast 7457 | -7/Lower Caves | Attracted the attention of an 0b10 checkpoint 7544 | -7/Lower Caves | Discovered new exit (range 14) 7886 | -7/Lower Caves | Entered Zion 7887 | -7/Zion | Identified exit to Proximity Caves 7978 | -7/Zion | Build established: Gunner 8073 | -7/Zion | Learned Factory fabricator intel 8162 | -7/Zion | Learned location of Warlord (-4) 8211 | -7/Zion | Identified exit to Deep Caves 8327 | -7/Zion | Given the Hacking Drone Bay 8329 | -7/Zion | Found Prototype Device 8406 | -7/Zion | Given A8's code to call for help 8469 | -7/Zion | Found CR-A16's Pointy Stick 8555 | -7/Zion | Acquired unknown access codes intercepted by a Zionite 8774 | -7/Zion | Found Prototype Special Weapon 8774 | -7/Zion | Identified RU-N14's Throwing Claymores 8778 | -7/Zion | Found RU-N14's Throwing Claymores 8780 | -7/Zion | Found RU-N14's Throwing Claymores 8785 | -7/Zion | Found RU-N14's Throwing Claymores 8920 | -7/Zion | Opened final containment barrier to the Deep Caves 8923 | -7/Zion | Enhanced Grunt warped into view, answering call for help 8925 | -7/Zion | Enhanced Grunt warped into view, answering call for help 8956 | -7/Zion | Saw the warning signs outside the Deep Caves entrance 8965 | -7/Zion | Entered Deep Caves 8965 | -7/Deep Caves | Accompanied by 2 allies 9170 | -7/Deep Caves | Z-Facility disabled 9182 | -7/Deep Caves | Attacked by Z-Imprinter 9185 | -7/Deep Caves | Destroyed Z-Imprinter 9300 | -7/Deep Caves | Found Prototype Protection 9300 | -7/Deep Caves | Identified Zio. Weapon Casing 9301 | -7/Deep Caves | Identified Core Expander 9301 | -7/Deep Caves | Installed Core Expander, added new Propulsion slot 9375 | -7/Deep Caves | Found Prototype Protection 9375 | -7/Deep Caves | Identified Zio. Heavy Carapace 9398 | -7/Deep Caves | Found Zio. Weapon Casing 9426 | -7/Deep Caves | Found Zio. Weapon Casing 9711 | -7/Deep Caves | Spotted Golem 9712 | -7/Deep Caves | Exposed GOLEM chamber 9713 | -7/Deep Caves | Triggered Deep Caves wall 9751 | -7/Deep Caves | Core integrity fell below 50% 9753 | -7/Deep Caves | Spotted Assembler 9759 | -7/Deep Caves | Spotted Assembler 9762 | -7/Deep Caves | Core integrity fell below 20% 9763 | -7/Deep Caves | Destroyed by as-24533 with Assembled Gauss Rifle Last Messages --------------- 09755_ Zio. Laser-S destroyed. 09755_ as-95408 destroyed. 09756_ Penetrated by Slug. 09756_ Zio. Composite Leg I destroyed. 09756_ System corrupted by crushing effect (+4). 09757_ Zio. Phaser-S destroyed. 09757_ as-58620 destroyed. 09757_ Dropped Hcp. Storage Unit. 09758_ Dropped Gauss Cannon. 09758_ Imp. Light Armor Plating destroyed. 09759_ Penetrated by Slug. 09759_ Imp. Carbon-fiber Leg destroyed. 09759_ as-54395 destroyed. 09762_ as-45654 destroyed. 09762_ Slug penetrates as-49581. 09762_ Imp. Carbon-fiber Leg destroyed. 09762_ Exp. Heat Sink destroyed. 09763_ GOLEM Unit springs to life. 09763_ Armor Integrity Analyzer severed. 09763_ Penetrated by Slug. Map ----- +----------------------------------------------------+ | ?????????????????????????????## #### | | ?????????????????????????????# | | ?????????????????????????????# | | ?????????????????????????????# #### | | ?????????????????????????????# ### | | ?????????????????????????????# | | ?????????????????????????????# ### | | ?????????????????????????????## ##?# | | ??????????????????????????????##???# | | ???????????????????????????????????# | | ???????????? ??????????????????# | | ?????????? ????????????????# | | ?????????" ?????????????## | | ?????????" #?????????????## | | ????????"" g M #??????????????## | | ??????### ! ##? ???????###### | | ??""""" A! # ??????# | | ??" l #??????# | | ??" ! #?????# #### | | ??" g a ?????# #??? | | ??" a g #?????# #??? | | ??" a ! ##????# #??? | | ??" a a ==s #??### ##?? | | ??? aa A ] #?## #?? | | ??????" a a ] #?# ### | | ????????#aaaaa@a =M! #?# | | ????????"G aa a ! ] #??# | | ??????#"""a aa ! #??### """ | | ??????# GG a #????# " | | ??????#GGG a [ ##???# | | ??????#"GG a a a #??## #### | | ???????## aa #?## ## | | ????????" ! aa M #?# | | ????????" =[G aa aa #### | | ????????"=]a!!/ a # | | ????????"""!] / / !! # | | ????????" ! a% % # | | ????????"" % %= ########## | | ????????" % ] #????????? | | ????????"" % "#????????? | | ????????" " # ##????????? | | ????????" #### ## ## ##?????????? | | ????????""" ###??# ## ####??????????? | | ?????????" ????#### #?????????????? | | ?????????######????????#??????????????? | | | | | | | | | | | +----------------------------------------------------+ Best States ------------- Heat Dissipation 67 Energy Generation 27 Energy Capacity 700 Matter Stores 300 Matter Capacity 300 Sight Range 16 Robot Scan Range 15 Terrain Scan Density 10 Armor Coverage 1200 Resistance: TH 10 Weapon Shielding 100 Evasion (%) 55 Armor Integrity Analysis 30 Recoil Reduction 4 Offensive Hacking 10 Defensive Hacking 10 Item Schematics ----------------- None Robot Schematics ------------------ None Fabricated ------------ Nothing Repaired ---------- Lgt. Angular Momentum Engine | 28% | -7/Factory Studied --------- Gatling Laser | -7/Factory | Hacked Alien Tech Used ----------------- Core Expander Achievements -------------- That's One Door That Should Stay Closed Challenges ------------ None Game ------ Seed IonLobotomyCompactor Manual? 0 Play Time 01:13:29 Cumulative 225.3 hours Start 2026.08.08 @ 15:28:18 End 2026.08.08 @ 18:10:05 Sessions 5 Manual Loads 0 Difficulty Rogue Special Mode None Game No. 130 Rogue 130 Adventurer 0 Explorer 0 Win Type - Total 5 Types 5/0/0/0/0/0/0/0/0/0 Lore% 77 Gallery% 66 Achievement% 58 Wizard Run 0 Options --------- Layout 1 ASCII 0 Keyboard 0 Movement Numpad Keybinds 0 Fullscreen 1 Font 24/Smallcaps Map View 50x35 Zoom Use 0% Tactical HUD 1 Map Filters NONE Filters NONE Steam 1 RUN: 24715a49-a830-4827-88cd-808c91ff4806